Saguenéens vs Monarchs
Created - 24 janvier 2015 at 19:19
Goals
|
Saguenéens |
2 |
1 |
0 |
3 |
Monarchs |
1 |
0 |
0 |
1 |
|
Shots
|
Saguenéens |
6 |
14 |
4 |
24 |
Monarchs |
12 |
19 |
8 |
39 |
|
1st period
1. Monarchs , Peter Schaefer 21 (Ryan Ellis) at 8:46
2. Saguenéens , Bryan Bickell 11 (David Toews) at 10:01
3. Saguenéens , Marcus Johansson 14 (Jeffrey Foss, Joffrey Lupul) at 12:59
Penalties :
Andre Petersson (Chi) for Roughing (Minor) at 15:21, Shawn Belle (MAN) for High sticking (Minor) at 19:26
2nd period
4. Saguenéens , Kyle Brodziak 21 (David Moss, Joffrey Lupul) at 2:40 (PP)
Penalties :
Brock Trotter (MAN) for Hooking (Minor) at 2:23, Brian Flynn (Chi) for High sticking (Minor) at 5:30, Luke Witkowski (Chi) for High sticking (Minor) at 11:05, Kyle Brodziak (Chi) for Tripping (Minor) at 17:05
3rd period
No Goal
Penalties :
Brian Gionta (MAN) for Tripping (Minor) at 0:03, John Moore (MAN) for Hooking (Minor) at 3:18, Kris Russell (Chi) for Hooking (Minor) at 12:14, Brock Trotter (MAN) for Hooking (Minor) at 18:25
Goalie Stats
James Reimer (Chi), 38 saves from 39 shots - (0,974), W, 11-16-4, 60:00 minutes
Jacob Markstrom (MAN), 21 saves from 24 shots - (0,875), L, 13-20-3, 60:00 minutes
Players Stats for Saguenéens
Player Name G A P +/- PIM S H SB GA TA FO MP PP MP PK MP
------------------------------------------------------------------------------------
Andre Petersson 0 0 0 1 2 0 2 0 0 0 0/0 7:13 0:00 0:00
Brandon Burlon 0 0 0 1 0 0 0 2 0 0 0/0 13:29 0:00 0:50
Brian Flynn 0 0 0 0 2 0 0 1 0 0 0/0 15:46 2:58 0:00
Bryan Bickell 1 0 1 1 0 3 2 1 0 1 0/1 21:02 2:58 3:28
David Moss 0 1 1 0 0 3 2 0 1 2 6/14 22:41 4:45 6:21
David Rundblad 0 0 0 0 0 0 0 0 0 0 0/0 7:07 3:20 0:00
David Toews 0 1 1 1 0 0 0 1 0 0 3/4 6:57 0:00 0:00
Derek Morris 0 0 0 -1 0 4 0 2 0 3 0/0 28:13 4:28 5:14
Jeffrey Foss 0 1 1 1 0 2 0 1 0 0 0/0 15:49 0:00 4:41
Joffrey Lupul 0 2 2 0 0 0 3 0 1 0 0/0 23:56 4:40 6:21
Kevin Marshall 0 0 0 -1 0 1 0 1 0 0 0/0 25:25 4:28 5:14
Kris Russell 0 0 0 1 2 1 0 0 0 0 0/0 21:16 3:20 3:51
Kyle Brodziak 1 0 1 0 2 3 1 0 1 1 9/21 17:45 4:32 2:01
Luke Witkowski 0 0 0 1 2 0 0 1 0 0 0/0 9:16 0:00 0:00
Marcus Johansson 1 0 1 0 0 3 0 0 0 0 4/5 15:44 2:58 0:15
Petteri Wirtanen 0 0 0 0 0 1 1 0 0 0 2/7 12:54 0:00 1:18
Rhett Rakhshani 0 0 0 0 0 1 2 0 0 1 0/1 11:42 0:05 0:00
Tyler McNeely 0 0 0 0 0 2 1 0 1 0 0/1 13:45 0:28 0:06
Players Stats for Monarchs
Player Name G A P +/- PIM S H SB GA TA FO MP PP MP PK MP
------------------------------------------------------------------------------------
Brian Gionta 0 0 0 1 2 2 0 0 3 0 1/10 21:26 5:48 4:04
Brock Trotter 0 0 0 0 4 2 2 1 0 0 0/0 12:21 0:00 0:10
Cody Eakin 0 0 0 -1 0 1 1 0 0 0 0/1 8:06 0:00 0:55
Dana Tyrell 0 0 0 0 0 1 0 0 0 0 4/7 12:10 0:00 0:00
David Clarkson 0 0 0 0 0 4 0 0 0 0 0/0 12:10 0:00 0:00
Dmitri Orlov 0 0 0 1 0 0 0 0 0 0 0/0 4:00 0:00 0:24
Dwight King 0 0 0 -1 0 2 1 0 0 0 0/1 8:36 0:00 1:22
Frederic St-Denis 0 0 0 -1 0 0 1 0 0 1 0/0 13:09 0:00 0:52
James Van Riemsdyk 0 0 0 -1 0 6 1 0 0 0 1/1 16:07 4:07 1:07
Jarret Stoll 0 0 0 1 0 1 0 0 1 1 19/26 19:10 5:48 1:22
John Moore 0 0 0 -1 2 0 0 3 0 0 0/0 19:47 3:32 1:45
Jordan Nolan 0 0 0 -1 0 2 5 0 0 0 5/8 17:13 4:07 1:45
Keith Ballard 0 0 0 0 0 2 2 0 0 1 0/0 27:22 6:23 4:51
Matt Irwin 0 0 0 0 0 4 2 1 1 1 0/0 25:21 6:23 4:51
Matt Martin 0 0 0 0 0 0 0 0 0 0 0/0 0:00 0:00 0:00
Peter Schaefer 1 0 1 1 0 5 2 0 1 0 0/0 22:11 5:48 4:51
Richard Park 0 0 0 -1 0 4 1 0 0 0 0/0 15:00 4:07 0:00
Ryan Ellis 0 1 1 -1 0 0 0 0 0 0 0/0 11:08 0:00 0:00
Shawn Belle 0 0 0 0 2 1 1 1 2 0 0/0 19:39 3:32 2:53
Zack Kassian 0 0 0 -1 0 2 1 0 0 0 0/0 7:11 0:00 0:00
3 Stars
1 - James Reimer (Chi)
2 - Bryan Bickell (Chi)
3 - Peter Schaefer (MAN)
Power Play
Saguenéens - 1 on 5 Attempt(s) - 20,00%
Monarchs - 0 on 5 Attempt(s) - 0,00%
Penalty Kill
Saguenéens - 5 on 5 Attempt(s) - 100,00%
- Score 0 goal in Penalty Kill
Monarchs - 4 on 5 Attempt(s) - 80,00%
- Score 0 goal in Penalty Kill
Team Stat
Saguenéens - Hits : 14 - Faceoff Wins : 24 - Blocked Shots : 10 - Penalty Minutes : 10
Monarchs - Hits : 20 - Faceoff Wins : 30 - Blocked Shots : 6 - Penalty Minutes : 10
Official
Referees : Kozari Steve and O'Rourke Dan
Linesman : Greg Devorski and Andy McElman
Game Notes
No Game Note
Finance
Level 1 -- Attendance: 1456 (72,80%) -- Ticket Income 50 960 $
Level 2 -- Attendance: 661 (66,10%) -- Ticket Income 9 915 $
Total Attendance: 2117 (70,57%)
Total Ticket Income: 60 875 $
Other Income: 3 044 $
Total Income: 63 919 $
Saguenéens
5 vs 5 Forward
Center Left Wing Right Wing Time % Phy DF OF
1 Kyle Brodziak Bryan Bickell David Moss 40 1 2 2
2 Marcus Johansson Joffrey Lupul Brian Flynn 30 1 2 2
3 Petteri Wirtanen Tyler McNeely Rhett Rakhshani 20 1 2 2
4 David Toews Bryan Bickell Andre Petersson 10 1 2 2
5 vs 5 Defense
Defense Defense Time % Phy DF OF
1 Derek Morris Kevin Marshall 40 1 2 2
2 Kris Russell Brandon Burlon 34 1 2 2
3 Luke Witkowski Jeffrey Foss 20 1 2 2
4 Derek Morris David Rundblad 6 1 2 2
PowerPlay Forward
Center Left Wing Right Wing Time % Phy DF OF
1 Kyle Brodziak Joffrey Lupul David Moss 60 1 2 2
2 Marcus Johansson Bryan Bickell Brian Flynn 40 1 2 2
PowerPlay Defense
Defense Defense Time % Phy DF OF
1 Derek Morris Kevin Marshall 60 1 2 2
2 Kris Russell David Rundblad 40 1 2 2
Penalty Kill 4 Players Forward
Center Wing Time % Phy DF OF
1 David Moss Joffrey Lupul 60 1 2 2
2 Kyle Brodziak Bryan Bickell 40 1 2 2
Penalty Kill 4 Players Defense
Defense Defense Time % Phy DF OF
1 Derek Morris Kevin Marshall 60 1 2 2
2 Kris Russell Jeffrey Foss 40 1 2 2
Penalty Kill - 3 Players Forward
Forward Time % Phy DF OF
1 David Moss 60 1 2 2
2 Joffrey Lupul 40 1 2 2
Penalty Kill - 3 Players Defense
Defense Defense Time % Phy DF OF
1 Derek Morris Kevin Marshall 60 1 2 2
2 Jeffrey Foss Kris Russell 40 1 2 2
4 vs 4 Forward
Center Wing Time % Phy DF OF
1 Marcus Johansson Joffrey Lupul 60 1 2 2
2 Kyle Brodziak David Moss 40 1 2 2
4 vs 4 Defense
Defense Defense Time % Phy DF OF
1 Derek Morris Kevin Marshall 60 1 2 2
2 Kris Russell Brandon Burlon 40 1 2 2
Last Minutes Offensive
Center Left Wing Right Wing Defense Defense
Kyle Brodziak Joffrey Lupul David Moss Derek Morris Kris Russell
Last Minutes Defensive
Center Left Wing Right Wing Defense Defense
Kyle Brodziak Joffrey Lupul David Moss Derek Morris Kris Russell
Goaltenders
Starting : James Reimer
Backup : Harru Sateri
Extra Forwards
Normal : Brian Flynn, Tyler McNeely, David Moss - PP : Brian Flynn, Tyler McNeely - PK : Petteri Wirtanen
Extra Defensemen
Normal : Jeffrey Foss, Brandon Burlon, Derek Morris - PP : Jeffrey Foss - PK : Brandon Burlon, Luke Witkowski
Penalty Shots
David Moss, Joffrey Lupul, Kyle Brodziak, Brian Flynn, Bryan Bickell
Monarchs
5 vs 5 Forward
Center Left Wing Right Wing Time % Phy DF OF
1 Jarret Stoll Peter Schaefer Brian Gionta 40 1 2 2
2 Jordan Nolan James Van Riemsdyk Richard Park 30 1 2 2
3 Dana Tyrell Brock Trotter David Clarkson 20 1 2 2
4 Cody Eakin Dwight King Zack Kassian 10 1 2 2
5 vs 5 Defense
Defense Defense Time % Phy DF OF
1 Keith Ballard Matt Irwin 40 1 2 2
2 Shawn Belle John Moore 30 1 2 2
3 Ryan Ellis Frederic St-Denis 20 1 2 2
4 Dmitri Orlov Keith Ballard 10 1 2 2
PowerPlay Forward
Center Left Wing Right Wing Time % Phy DF OF
1 Jarret Stoll Peter Schaefer Brian Gionta 60 1 2 2
2 Jordan Nolan James Van Riemsdyk Richard Park 40 1 2 2
PowerPlay Defense
Defense Defense Time % Phy DF OF
1 Keith Ballard Matt Irwin 60 1 2 2
2 Shawn Belle John Moore 40 1 2 2
Penalty Kill 4 Players Forward
Center Wing Time % Phy DF OF
1 Brian Gionta Peter Schaefer 60 1 2 2
2 Jarret Stoll Jordan Nolan 40 1 2 2
Penalty Kill 4 Players Defense
Defense Defense Time % Phy DF OF
1 Keith Ballard Matt Irwin 60 1 2 2
2 Shawn Belle John Moore 40 1 2 2
Penalty Kill - 3 Players Forward
Forward Time % Phy DF OF
1 Brian Gionta 60 1 2 2
2 Peter Schaefer 40 1 2 2
Penalty Kill - 3 Players Defense
Defense Defense Time % Phy DF OF
1 Keith Ballard Matt Irwin 60 1 2 2
2 Shawn Belle John Moore 40 1 2 2
4 vs 4 Forward
Center Wing Time % Phy DF OF
1 Brian Gionta Peter Schaefer 60 1 2 2
2 Jarret Stoll Jordan Nolan 40 1 2 2
4 vs 4 Defense
Defense Defense Time % Phy DF OF
1 Keith Ballard Matt Irwin 60 1 2 2
2 Shawn Belle John Moore 40 1 2 2
Last Minutes Offensive
Center Left Wing Right Wing Defense Defense
Jarret Stoll Peter Schaefer Brian Gionta Keith Ballard Matt Irwin
Last Minutes Defensive
Center Left Wing Right Wing Defense Defense
Jarret Stoll Peter Schaefer Brian Gionta Keith Ballard Matt Irwin
Goaltenders
Starting : Jacob Markstrom
Backup : Richard Bachman
Extra Forwards
Normal : David Clarkson, Brock Trotter, Dwight King - PP : David Clarkson, Brock Trotter - PK : Dwight King
Extra Defensemen
Normal : Ryan Ellis, Frederic St-Denis, Dmitri Orlov - PP : Ryan Ellis - PK : Frederic St-Denis, Dmitri Orlov
Penalty Shots
Brian Gionta, Peter Schaefer, Jarret Stoll, Jordan Nolan, Richard Park
% Time on Ice - Saguenéens
Lines # - Real PCT - Wanted PCT - Time Play
Normal Forward
1 - 27% - 40% - 11:28
2 - 30% - 30% - 12:51
3 - 26% - 20% - 11:01
4 - 16% - 10% - 6:57
Normal Defense
1 - 37% - 40% - 15:43
2 - 35% - 34% - 14:36
3 - 22% - 20% - 9:10
4 - 7% - 6% - 2:48
PP Forward
1 - 62% - 60% - 4:50
2 - 38% - 40% - 2:58
PP Defense
1 - 57% - 60% - 4:28
2 - 43% - 40% - 3:20
PK Forward
1 - 73% - 60% - 7:17
2 - 27% - 40% - 2:38
PK Defense
1 - 53% - 60% - 5:14
2 - 47% - 40% - 4:41
PK3 Forward
1 - 0% - 60%
2 - 0% - 40%
PK3 Defense
1 - 0% - 60%
2 - 0% - 40%
44 Forward
1 - 0% - 60%
2 - 0% - 40%
44 Defense
1 - 0% - 60%
2 - 0% - 40%
Last Minute Offensive - 0:00
Last Minute Defensive - 0:00
Total
Forward - 60:00
Defense - 60:00
|
% Time on Ice - Monarchs
Lines # - Real PCT - Wanted PCT - Time Play
Normal Forward
1 - 27% - 40% - 11:35
2 - 27% - 30% - 11:21
3 - 29% - 20% - 12:10
4 - 17% - 10% - 7:11
Normal Defense
1 - 33% - 40% - 14:07
2 - 32% - 30% - 13:30
3 - 26% - 20% - 11:08
4 - 8% - 10% - 3:32
PP Forward
1 - 58% - 60% - 5:48
2 - 42% - 40% - 4:07
PP Defense
1 - 64% - 60% - 6:23
2 - 36% - 40% - 3:32
PK Forward
1 - 82% - 60% - 6:26
2 - 18% - 40% - 1:22
PK Defense
1 - 62% - 60% - 4:51
2 - 38% - 40% - 2:57
PK3 Forward
1 - 0% - 60%
2 - 0% - 40%
PK3 Defense
1 - 0% - 60%
2 - 0% - 40%
44 Forward
1 - 0% - 60%
2 - 0% - 40%
44 Defense
1 - 0% - 60%
2 - 0% - 40%
Last Minute Offensive - 0:00
Last Minute Defensive - 0:00
Total
Forward - 60:00
Defense - 60:00
|
Play by Play
1st period
0:01 of 1st period - Kyle Brodziak wins face-off versus Jarret Stoll in neutral zone.
0:31 of 1st period - Slapshot by Brock Trotter.
0:31 of 1st period - Shot Misses the Net.
0:33 of 1st period - Slapshot by David Clarkson.
0:33 of 1st period - Shot Blocked by Brandon Burlon.
0:35 of 1st period - Snap shot by Keith Ballard.
0:35 of 1st period - Stopped by James Reimer with a rebound.
0:37 of 1st period - Backhand shot by Matt Irwin.
0:37 of 1st period - Stopped by James Reimer with a rebound.
0:39 of 1st period - Snap shot by Dana Tyrell.
0:39 of 1st period - Shot Misses the Net.
1:12 of 1st period - Slapshot by Petteri Wirtanen.
1:12 of 1st period - Stopped by Jacob Markstrom with a rebound.
1:18 of 1st period - Brandon Burlon is hit by Zack Kassian.
1:34 of 1st period - Snap shot by Brian Gionta.
1:34 of 1st period - Shot Blocked by Luke Witkowski.
1:48 of 1st period - Dana Tyrell is hit by Tyler McNeely and loses puck.
2:01 of 1st period - Kevin Marshall is hit by Jordan Nolan.
2:15 of 1st period - Snap shot by Cody Eakin.
2:15 of 1st period - Shot Misses the Net.
2:17 of 1st period - Wrist shot by Ryan Ellis.
2:17 of 1st period - Shot Misses the Net.
2:56 of 1st period - Snap shot by Zack Kassian.
2:56 of 1st period - Stopped by James Reimer without a rebound.
2:57 of 1st period - Marcus Johansson wins face-off versus Jarret Stoll in Saguenéens zone.
3:22 of 1st period - Tyler McNeely is hit by Richard Park.
3:26 of 1st period - Slapshot by Matt Irwin.
3:26 of 1st period - Stopped by James Reimer with a rebound.
3:50 of 1st period - Kyle Brodziak is hit by Matt Irwin and loses puck.
4:08 of 1st period - Kevin Marshall is hit by Keith Ballard and loses puck.
4:21 of 1st period - Snap shot by Rhett Rakhshani.
4:21 of 1st period - Shot Misses the Net.
4:50 of 1st period - Wrist shot by James Van Riemsdyk.
4:50 of 1st period - Stopped by James Reimer without a rebound.
4:51 of 1st period - Jordan Nolan wins face-off versus Marcus Johansson in Saguenéens zone.
5:02 of 1st period - Snap shot by Richard Park.
5:02 of 1st period - Stopped by James Reimer with a rebound.
5:04 of 1st period - Snap shot by Jordan Nolan.
5:04 of 1st period - Stopped by James Reimer with a rebound.
5:06 of 1st period - Snap shot by Richard Park.
5:06 of 1st period - Shot Blocked by Derek Morris.
5:16 of 1st period - Shawn Belle is hit by Petteri Wirtanen and loses puck.
6:30 of 1st period - Snap shot by David Moss.
6:30 of 1st period - Shot Misses the Net.
7:58 of 1st period - Snap shot by Brock Trotter.
7:58 of 1st period - Shot Misses the Net.
8:15 of 1st period - Off-side.
8:16 of 1st period - Petteri Wirtanen wins face-off versus Jordan Nolan in neutral zone.
8:25 of 1st period - Slapshot by Derek Morris.
8:25 of 1st period - Deflect By Rhett Rakhshani.
8:25 of 1st period - Stopped by Jacob Markstrom with a rebound.
8:41 of 1st period - Derek Morris is hit by Frederic St-Denis and loses puck.
8:46 of 1st period - Wrist shot by Peter Schaefer.
8:46 of 1st period - Goal by Peter Schaefer - Saguenéens : 0 - Monarchs : 1.
8:47 of 1st period - Jarret Stoll wins face-off versus Kyle Brodziak in neutral zone.
9:17 of 1st period - Snap shot by Marcus Johansson.
9:17 of 1st period - Shot Misses the Net.
9:57 of 1st period - Snap shot by Bryan Bickell.
9:57 of 1st period - Stopped by Jacob Markstrom without a rebound.
9:58 of 1st period - David Toews wins face-off versus Cody Eakin in Monarchs zone.
9:59 of 1st period - Wrist shot by Bryan Bickell.
9:59 of 1st period - Shot Misses the Net.
10:01 of 1st period - Wrist shot by Bryan Bickell.
10:01 of 1st period - Goal by Bryan Bickell - Saguenéens : 1 - Monarchs : 1.
10:02 of 1st period - Kyle Brodziak wins face-off versus Jarret Stoll in neutral zone.
10:05 of 1st period - Jarret Stoll is hit by Bryan Bickell and loses puck.
10:51 of 1st period - Wrist shot by James Van Riemsdyk.
10:51 of 1st period - Stopped by James Reimer without a rebound.
10:52 of 1st period - Marcus Johansson wins face-off versus Dana Tyrell in Saguenéens zone.
10:52 of 1st period - Marcus Johansson is hit by Brock Trotter.
11:48 of 1st period - Slapshot by Jordan Nolan.
11:48 of 1st period - Shot Misses the Net.
12:12 of 1st period - Luke Witkowski is hit by Dwight King and loses puck.
12:55 of 1st period - Snap shot by Joffrey Lupul.
12:55 of 1st period - Shot Misses the Net.
12:57 of 1st period - Slapshot by Jeffrey Foss.
12:57 of 1st period - Stopped by Jacob Markstrom with a rebound.
12:59 of 1st period - Slapshot by Marcus Johansson.
12:59 of 1st period - Goal by Marcus Johansson - Saguenéens : 2 - Monarchs : 1.
13:00 of 1st period - Jarret Stoll wins face-off versus Kyle Brodziak in neutral zone.
13:03 of 1st period - Snap shot by Peter Schaefer.
13:03 of 1st period - Stopped by James Reimer with a rebound.
13:25 of 1st period - Tyler McNeely is hit by Jordan Nolan and loses puck.
13:52 of 1st period - Snap shot by Brock Trotter.
13:52 of 1st period - Shot Misses the Net.
14:06 of 1st period - Slapshot by Kyle Brodziak.
14:06 of 1st period - Shot Misses the Net.
15:13 of 1st period - Snap shot by Brock Trotter.
15:13 of 1st period - Shot Blocked by Jeffrey Foss.
15:15 of 1st period - Slapshot by Brock Trotter.
15:15 of 1st period - Shot Blocked by David Toews.
15:21 of 1st period - Minor Penalty to Andre Petersson for Roughing.
15:22 of 1st period - David Moss wins face-off versus Brian Gionta in Saguenéens zone.
16:06 of 1st period - Off-side.
16:07 of 1st period - Jarret Stoll wins face-off versus Kyle Brodziak in neutral zone.
16:14 of 1st period - Slapshot by Brian Gionta.
16:14 of 1st period - Stopped by James Reimer without a rebound.
16:15 of 1st period - Jarret Stoll wins face-off versus David Moss in Saguenéens zone.
16:59 of 1st period - Wrist shot by Jarret Stoll.
16:59 of 1st period - Stopped by James Reimer with a rebound.
17:21 of 1st period - Penalty to Andre Petersson is over, Andre Petersson is back on ice.
17:33 of 1st period - Richard Park is hit by Andre Petersson.
19:24 of 1st period - Wrist shot by David Toews.
19:24 of 1st period - Shot Misses the Net.
19:26 of 1st period - Minor Penalty to Shawn Belle for High sticking.
19:27 of 1st period - David Moss wins face-off versus Brian Gionta in Monarchs zone.
Goals for this period are 2 for Saguenéens vs 1 for Monarchs .
Shots for this period are 6 for Saguenéens vs 12 for Monarchs .
2nd period
0:01 of 2nd period - Kyle Brodziak wins face-off versus Brian Gionta in neutral zone.
0:14 of 2nd period - Wrist shot by David Moss.
0:14 of 2nd period - Stopped by Jacob Markstrom without a rebound.
0:15 of 2nd period - David Moss wins face-off versus Brian Gionta in Monarchs zone.
0:35 of 2nd period - Icing by Joffrey Lupul.
0:36 of 2nd period - Kyle Brodziak wins face-off versus Brian Gionta in Saguenéens zone.
0:43 of 2nd period - Wrist shot by Peter Schaefer.
0:43 of 2nd period - Shot Blocked by Derek Morris.
0:53 of 2nd period - Snap shot by Kyle Brodziak.
0:53 of 2nd period - Stopped by Jacob Markstrom without a rebound.
0:54 of 2nd period - Marcus Johansson wins face-off versus Brian Gionta in Monarchs zone.
1:20 of 2nd period - Matt Irwin is hit by Kyle Brodziak and loses puck.
1:26 of 2nd period - Penalty to Shawn Belle is over, Shawn Belle is back on ice.
1:44 of 2nd period - Snap shot by Tyler McNeely.
1:44 of 2nd period - Shot Misses the Net.
1:46 of 2nd period - Snap shot by Rhett Rakhshani.
1:46 of 2nd period - Deflect By John Moore.
1:46 of 2nd period - Shot Blocked by John Moore.
1:46 of 2nd period - Puck is out of play.
1:47 of 2nd period - Jordan Nolan wins face-off versus Kyle Brodziak in Monarchs zone.
2:14 of 2nd period - Brian Flynn is hit by Matt Irwin and loses puck.
2:23 of 2nd period - Minor Penalty to Brock Trotter for Hooking.
2:24 of 2nd period - Kyle Brodziak wins face-off versus Brian Gionta in Monarchs zone.
2:32 of 2nd period - Snap shot by Derek Morris.
2:32 of 2nd period - Stopped by Jacob Markstrom without a rebound.
2:33 of 2nd period - Kyle Brodziak wins face-off versus Brian Gionta in Monarchs zone.
2:38 of 2nd period - Snap shot by David Moss.
2:38 of 2nd period - Shot Misses the Net.
2:40 of 2nd period - Snap shot by Kyle Brodziak.
2:40 of 2nd period - Goal by Kyle Brodziak - Saguenéens : 3 - Monarchs : 1.
2:41 of 2nd period - Jarret Stoll wins face-off versus David Moss in neutral zone.
3:11 of 2nd period - Wrist shot by James Van Riemsdyk.
3:11 of 2nd period - Stopped by James Reimer without a rebound.
3:12 of 2nd period - Kyle Brodziak wins face-off versus Jordan Nolan in Saguenéens zone.
3:19 of 2nd period - Snap shot by Richard Park.
3:19 of 2nd period - Stopped by James Reimer with a rebound.
3:26 of 2nd period - Off-side.
3:27 of 2nd period - Marcus Johansson wins face-off versus Jarret Stoll in neutral zone.
3:40 of 2nd period - Slapshot by Keith Ballard.
3:40 of 2nd period - Stopped by James Reimer with a rebound.
3:42 of 2nd period - Wrist shot by Peter Schaefer.
3:42 of 2nd period - Shot Misses the Net.
3:54 of 2nd period - Kyle Brodziak is hit by Jordan Nolan and loses puck.
4:03 of 2nd period - Snap shot by Jordan Nolan.
4:03 of 2nd period - Shot Misses the Net.
4:05 of 2nd period - Slapshot by Shawn Belle.
4:05 of 2nd period - Stopped by James Reimer with a rebound.
4:18 of 2nd period - Off-side.
4:19 of 2nd period - Dana Tyrell wins face-off versus Petteri Wirtanen in neutral zone.
4:35 of 2nd period - Matt Irwin is hit by Rhett Rakhshani and loses puck.
4:55 of 2nd period - Snap shot by Petteri Wirtanen.
4:55 of 2nd period - Shot Misses the Net.
4:57 of 2nd period - Backhand shot by Jeffrey Foss.
4:57 of 2nd period - Stopped by Jacob Markstrom with a rebound.
4:59 of 2nd period - Snap shot by Petteri Wirtanen.
4:59 of 2nd period - Shot Blocked by Brock Trotter.
5:01 of 2nd period - Slapshot by Tyler McNeely.
5:01 of 2nd period - Stopped by Jacob Markstrom without a rebound.
5:02 of 2nd period - Jarret Stoll wins face-off versus Kyle Brodziak in Monarchs zone.
5:30 of 2nd period - Minor Penalty to Brian Flynn for High sticking.
5:31 of 2nd period - David Moss wins face-off versus Jarret Stoll in Saguenéens zone.
5:58 of 2nd period - Joffrey Lupul is hit by Jordan Nolan.
6:06 of 2nd period - Slapshot by Richard Park.
6:06 of 2nd period - Stopped by James Reimer with a rebound.
6:08 of 2nd period - Slapshot by Shawn Belle.
6:08 of 2nd period - Deflect By James Van Riemsdyk.
6:08 of 2nd period - Stopped by James Reimer with a rebound.
6:10 of 2nd period - Snap shot by Richard Park.
6:10 of 2nd period - Stopped by James Reimer without a rebound.
6:11 of 2nd period - Jarret Stoll wins face-off versus David Moss in Saguenéens zone.
7:30 of 2nd period - Penalty to Brian Flynn is over, Brian Flynn is back on ice.
7:42 of 2nd period - Kris Russell is hit by Peter Schaefer and loses puck.
7:55 of 2nd period - Snap shot by David Clarkson.
7:55 of 2nd period - Stopped by James Reimer with a rebound.
7:57 of 2nd period - Wrist shot by David Clarkson.
7:57 of 2nd period - Stopped by James Reimer with a rebound.
8:01 of 2nd period - Slapshot by Brock Trotter.
8:01 of 2nd period - Shot Misses the Net.
8:13 of 2nd period - Marcus Johansson is hit by Cody Eakin and loses puck.
8:42 of 2nd period - Snap shot by Brock Trotter.
8:42 of 2nd period - Shot Blocked by Kevin Marshall.
10:22 of 2nd period - Icing by Andre Petersson.
10:23 of 2nd period - Petteri Wirtanen wins face-off versus Jordan Nolan in Saguenéens zone.
10:43 of 2nd period - Slapshot by Kyle Brodziak.
10:43 of 2nd period - Shot Misses the Net.
10:45 of 2nd period - Wrist shot by David Moss.
10:45 of 2nd period - Stopped by Jacob Markstrom with a rebound.
10:47 of 2nd period - Snap shot by Jeffrey Foss.
10:47 of 2nd period - Shot Misses the Net.
11:05 of 2nd period - Minor Penalty to Luke Witkowski for High sticking.
11:06 of 2nd period - Jarret Stoll wins face-off versus David Moss in Saguenéens zone.
11:06 of 2nd period - Snap shot by Peter Schaefer.
11:06 of 2nd period - Stopped by James Reimer without a rebound.
11:07 of 2nd period - David Moss wins face-off versus Jarret Stoll in Saguenéens zone.
11:47 of 2nd period - Snap shot by Keith Ballard.
11:47 of 2nd period - Deflect By Richard Park.
11:47 of 2nd period - Shot Misses the Net.
11:47 of 2nd period - Puck is out of play.
11:48 of 2nd period - David Moss wins face-off versus Jarret Stoll in Saguenéens zone.
12:15 of 2nd period - Off-side.
12:16 of 2nd period - Jordan Nolan wins face-off versus Kyle Brodziak in neutral zone.
13:05 of 2nd period - Penalty to Luke Witkowski is over, Luke Witkowski is back on ice.
13:11 of 2nd period - Off-side.
13:12 of 2nd period - Dana Tyrell wins face-off versus Petteri Wirtanen in neutral zone.
13:47 of 2nd period - Snap shot by Derek Morris.
13:47 of 2nd period - Deflect By Andre Petersson.
13:47 of 2nd period - Shot Misses the Net.
13:47 of 2nd period - Puck is out of play.
13:48 of 2nd period - Jarret Stoll wins face-off versus Kyle Brodziak in Monarchs zone.
13:53 of 2nd period - Brian Gionta is hit by David Moss and loses puck.
14:08 of 2nd period - Matt Irwin is hit by Bryan Bickell and loses puck.
14:22 of 2nd period - Snap shot by Richard Park.
14:22 of 2nd period - Shot Misses the Net.
14:24 of 2nd period - Slapshot by Matt Irwin.
14:24 of 2nd period - Shot Misses the Net.
14:28 of 2nd period - Snap shot by James Van Riemsdyk.
14:28 of 2nd period - Stopped by James Reimer without a rebound.
14:29 of 2nd period - James Van Riemsdyk wins face-off versus Rhett Rakhshani in Saguenéens zone.
14:30 of 2nd period - Snap shot by Jordan Nolan.
14:30 of 2nd period - Stopped by James Reimer with a rebound.
14:44 of 2nd period - Snap shot by Derek Morris.
14:44 of 2nd period - Stopped by Jacob Markstrom without a rebound.
14:45 of 2nd period - Jarret Stoll wins face-off versus Bryan Bickell in Monarchs zone.
14:50 of 2nd period - Snap shot by David Moss.
14:50 of 2nd period - Stopped by Jacob Markstrom with a rebound.
15:12 of 2nd period - Marcus Johansson is hit by Keith Ballard.
15:20 of 2nd period - Snap shot by Joffrey Lupul.
15:20 of 2nd period - Shot Misses the Net.
15:22 of 2nd period - Slapshot by Kris Russell.
15:22 of 2nd period - Stopped by Jacob Markstrom without a rebound.
15:23 of 2nd period - Jordan Nolan wins face-off versus Kyle Brodziak in Monarchs zone.
15:58 of 2nd period - Kevin Marshall is hit by Peter Schaefer and loses puck.
16:08 of 2nd period - Icing by Kevin Marshall.
16:09 of 2nd period - Dana Tyrell wins face-off versus Petteri Wirtanen in Saguenéens zone.
16:14 of 2nd period - Slapshot by Matt Irwin.
16:14 of 2nd period - Deflect By Rhett Rakhshani.
16:14 of 2nd period - Stopped by James Reimer with a rebound.
16:36 of 2nd period - Wrist shot by Marcus Johansson.
16:36 of 2nd period - Stopped by Jacob Markstrom with a rebound.
16:46 of 2nd period - Slapshot by Matt Irwin.
16:46 of 2nd period - Stopped by James Reimer with a rebound.
16:50 of 2nd period - Snap shot by Brock Trotter.
16:50 of 2nd period - Stopped by James Reimer with a rebound.
16:52 of 2nd period - Wrist shot by Dana Tyrell.
16:52 of 2nd period - Shot Blocked by Brandon Burlon.
16:54 of 2nd period - Wrist shot by Dana Tyrell.
16:54 of 2nd period - Stopped by James Reimer with a rebound.
16:56 of 2nd period - Snap shot by David Clarkson.
16:56 of 2nd period - Stopped by James Reimer with a rebound.
16:58 of 2nd period - Slapshot by Matt Irwin.
16:58 of 2nd period - Shot Blocked by Brian Flynn.
17:00 of 2nd period - Snap shot by David Clarkson.
17:00 of 2nd period - Stopped by James Reimer without a rebound.
17:01 of 2nd period - Jarret Stoll wins face-off versus Kyle Brodziak in Saguenéens zone.
17:05 of 2nd period - Minor Penalty to Kyle Brodziak for Tripping.
17:06 of 2nd period - Jarret Stoll wins face-off versus David Moss in Saguenéens zone.
17:16 of 2nd period - Wrist shot by David Moss.
17:16 of 2nd period - Shot Misses the Net.
17:18 of 2nd period - Snap shot by Derek Morris.
17:18 of 2nd period - Stopped by Jacob Markstrom with a rebound.
17:20 of 2nd period - Slapshot by Kevin Marshall.
17:20 of 2nd period - Stopped by Jacob Markstrom without a rebound.
17:21 of 2nd period - Jarret Stoll wins face-off versus David Moss in Monarchs zone.
17:34 of 2nd period - Wrist shot by Brian Gionta.
17:34 of 2nd period - Stopped by James Reimer without a rebound.
17:35 of 2nd period - Jarret Stoll wins face-off versus David Moss in Saguenéens zone.
19:05 of 2nd period - Penalty to Kyle Brodziak is over, Kyle Brodziak is back on ice.
19:39 of 2nd period - Wrist shot by Tyler McNeely.
19:39 of 2nd period - Stopped by Jacob Markstrom without a rebound.
19:40 of 2nd period - David Toews wins face-off versus Dana Tyrell in Monarchs zone.
19:43 of 2nd period - Slapshot by Bryan Bickell.
19:43 of 2nd period - Shot Blocked by Shawn Belle.
19:45 of 2nd period - Slapshot by David Toews.
19:45 of 2nd period - Deflect By Shawn Belle.
19:45 of 2nd period - Shot Misses the Net.
19:45 of 2nd period - Puck is out of play.
19:46 of 2nd period - Dana Tyrell wins face-off versus David Toews in Monarchs zone.
19:57 of 2nd period - Wrist shot by Bryan Bickell.
19:57 of 2nd period - Shot Blocked by John Moore.
19:59 of 2nd period - Snap shot by Bryan Bickell.
19:59 of 2nd period - Deflect By David Toews.
19:59 of 2nd period - Shot Misses the Net.
19:59 of 2nd period - Puck is out of play.
Goals for this period are 1 for Saguenéens vs 0 for Monarchs .
Shots for this period are 14 for Saguenéens vs 19 for Monarchs .
3rd period
0:01 of 3rd period - Jarret Stoll wins face-off versus Kyle Brodziak in neutral zone.
0:03 of 3rd period - Minor Penalty to Brian Gionta for Tripping.
0:04 of 3rd period - Kyle Brodziak wins face-off versus Dwight King in Monarchs zone.
0:04 of 3rd period - Slapshot by Derek Morris.
0:04 of 3rd period - Stopped by Jacob Markstrom with a rebound.
0:30 of 3rd period - Snap shot by Marcus Johansson.
0:30 of 3rd period - Stopped by Jacob Markstrom with a rebound.
0:32 of 3rd period - Snap shot by David Rundblad.
0:32 of 3rd period - Shot Blocked by Matt Irwin.
2:03 of 3rd period - Penalty to Brian Gionta is over, Brian Gionta is back on ice.
3:18 of 3rd period - Minor Penalty to John Moore for Hooking.
3:19 of 3rd period - Kyle Brodziak wins face-off versus Brian Gionta in Monarchs zone.
3:20 of 3rd period - Snap shot by David Moss.
3:20 of 3rd period - Shot Misses the Net.
3:22 of 3rd period - Wrist shot by Kyle Brodziak.
3:22 of 3rd period - Stopped by Jacob Markstrom with a rebound.
5:18 of 3rd period - Penalty to John Moore is over, John Moore is back on ice.
5:18 of 3rd period - Shawn Belle is hit by Joffrey Lupul and loses puck.
5:33 of 3rd period - Wrist shot by Tyler McNeely.
5:33 of 3rd period - Shot Misses the Net.
6:45 of 3rd period - Tyler McNeely is hit by James Van Riemsdyk and loses puck.
6:56 of 3rd period - Keith Ballard is hit by Joffrey Lupul and loses puck.
7:22 of 3rd period - Brock Trotter is hit by David Moss and loses puck.
7:52 of 3rd period - Slapshot by Dwight King.
7:52 of 3rd period - Stopped by James Reimer with a rebound.
7:54 of 3rd period - Snap shot by Zack Kassian.
7:54 of 3rd period - Shot Misses the Net.
8:08 of 3rd period - John Moore is hit by Rhett Rakhshani and loses puck.
8:58 of 3rd period - Matt Irwin is hit by Andre Petersson and loses puck.
9:29 of 3rd period - Icing by Peter Schaefer.
9:30 of 3rd period - David Toews wins face-off versus Dana Tyrell in Monarchs zone.
9:59 of 3rd period - Snap shot by Zack Kassian.
9:59 of 3rd period - Stopped by James Reimer with a rebound.
10:01 of 3rd period - Slapshot by Ryan Ellis.
10:01 of 3rd period - Deflect By Dwight King.
10:01 of 3rd period - Stopped by James Reimer with a rebound.
10:03 of 3rd period - Slapshot by Cody Eakin.
10:03 of 3rd period - Stopped by James Reimer without a rebound.
10:04 of 3rd period - Jarret Stoll wins face-off versus Petteri Wirtanen in Saguenéens zone.
11:53 of 3rd period - Slapshot by Kris Russell.
11:53 of 3rd period - Shot Blocked by John Moore.
12:14 of 3rd period - Minor Penalty to Kris Russell for Hooking.
12:15 of 3rd period - Jarret Stoll wins face-off versus David Moss in Saguenéens zone.
12:31 of 3rd period - Backhand shot by Peter Schaefer.
12:31 of 3rd period - Stopped by James Reimer with a rebound.
12:41 of 3rd period - Matt Irwin is hit by Joffrey Lupul and loses puck.
13:24 of 3rd period - Snap shot by Bryan Bickell.
13:24 of 3rd period - Stopped by Jacob Markstrom without a rebound.
13:25 of 3rd period - Jordan Nolan wins face-off versus Petteri Wirtanen in Monarchs zone.
14:14 of 3rd period - Penalty to Kris Russell is over, Kris Russell is back on ice.
14:25 of 3rd period - Petteri Wirtanen is hit by Brock Trotter and loses puck.
15:35 of 3rd period - Snap shot by Brock Trotter.
15:35 of 3rd period - Stopped by James Reimer with a rebound.
15:59 of 3rd period - David Moss is hit by Shawn Belle.
17:08 of 3rd period - Icing by Peter Schaefer.
17:09 of 3rd period - Jarret Stoll wins face-off versus Tyler McNeely in Monarchs zone.
17:28 of 3rd period - Slapshot by James Van Riemsdyk.
17:28 of 3rd period - Stopped by James Reimer without a rebound.
17:29 of 3rd period - Jarret Stoll wins face-off versus Kyle Brodziak in Saguenéens zone.
17:42 of 3rd period - Snap shot by Brian Gionta.
17:42 of 3rd period - Shot Blocked by Bryan Bickell.
17:44 of 3rd period - Slapshot by Peter Schaefer.
17:44 of 3rd period - Stopped by James Reimer with a rebound.
18:25 of 3rd period - Minor Penalty to Brock Trotter for Hooking.
18:26 of 3rd period - Brian Gionta wins face-off versus Kyle Brodziak in Monarchs zone.
18:51 of 3rd period - Kris Russell is hit by Jordan Nolan.
Goals for this period are 0 for Saguenéens vs 0 for Monarchs .
Shots for this period are 4 for Saguenéens vs 8 for Monarchs .
Output by the SimonT Hockey Simulator (STHS) for François Prévost -- Original Page W3C XHTML 1.0 Valid